 Dungeon Crawl Stone Soup version 0.22-a0-533-g4d20840 (webtiles) character file.

203 Mgcat the Cleaver (level 5, 0/42 HPs)
             Began as a Hill Orc Gladiator on June 22, 2018.
             Slain by a wight
             ... wielding a +0 scimitar
              (1 damage)
             ... on level 2 of the Dungeon.
             The game lasted 00:04:10 (1852 turns).

Mgcat the Cleaver (Hill Orc Gladiator)              Turns: 1852, Time: 00:04:11

Health: 0/42       AC:  3    Str: 18    XL:     5   Next: 81%
Magic:  5/5        EV: 12    Int:  8    God:
Gold:   27         SH:  0    Dex: 12    Spells: 4/4 levels left

rFire    . . .     SeeInvis .   a - +0 war axe
rCold    . . .     Gourm    .   (no shield)
rNeg     . . .     Faith    .   b - +0 leather armour
rPois    .         Spirit   .   (helmet restricted)
rElec    .         Reflect  .   (no cloak)
rCorr    .         Harm     .   (no gloves)
MR       .....                  (no boots)
Stlth    +.........             (no amulet)
HPRegen  0.14/turn              (no ring)
MPRegen  0.09/turn              (no ring)

@: drained
A: horns 1, mutation resistance 1
a: no special abilities


You were on level 2 of the Dungeon.
You were not hungry.

You visited 1 branch of the dungeon, and saw 2 of its levels.

You collected 27 gold pieces.

Inventory:

Hand Weapons
 a - a +0 war axe (weapon)
Missiles
 d - 3 throwing nets {=f, !d}
Armour
 b - a +0 leather armour (worn)
 c - a +0 helmet
Wands
 e - a wand of random effects (21)
   (You took it off Robin on level 2 of the Dungeon)
Potions
 h - a potion of flight
 j - a potion of degeneration {!q}
Comestibles
 f - 6 rations
 g - 5 chunks of flesh {@w0}


   Skills:
 - Level 2.4(2.0) Fighting
 + Level 8.3(7.9) Axes
 - Level 1.7(1.4) Throwing
 - Level 2.4(2.0) Dodging


You had 4 spell levels left.
You didn't know any spells.
Your spell library was empty.

Dungeon Overview and Level Annotations

Branches:
Dungeon (2/15)

Altars:
Cheibriados


Innate Abilities, Weirdness & Mutations

You have a pair of small horns on your head.
You are somewhat resistant to further mutation.


Message History

The orc priest closely misses you.
You barely miss the orc priest.
The orc priest is heavily wounded.
The orc priest closely misses you.
You slash the orc priest!
The orc priest is almost dead.
The orc priest barely misses you.
You slash the orc priest!
You kill the orc priest!
A hobgoblin comes into view.
A hobgoblin is nearby!
You are too injured to fight recklessly!
You are too injured to fight recklessly!
You are too injured to fight recklessly!
The hobgoblin shouts!
Things that are here:
a whip; a leather armour; an orc corpse You hit the hobgoblin.
The hobgoblin is severely wounded.
The hobgoblin hits you but does no damage.
A rat comes into view.
You hit the hobgoblin but do no damage.
You headbutt the hobgoblin, but do no damage.
The hobgoblin is severely wounded.
The hobgoblin closely misses you.
You barely miss the hobgoblin.
You kill the hobgoblin!
You see here a hobgoblin corpse.
An orc comes into view.
The rat bites you.
An orc comes into view. It is wielding an enchanted dagger.
The orc shouts! x2
You hit the rat.
The rat is severely wounded.
A wight comes into view. It is wielding a scimitar.
The rat bites you but does no damage.
The wight moves out of view.
You closely miss the rat.
You kill the rat!
A wight comes into view. It is wielding an enchanted scimitar.
You closely miss the orc. You headbutt the orc.
The orc is severely wounded.
You barely miss the wight. The orc barely misses you.
The wight closely misses you.
You slash the orc!
You kill the orc!
You hit the wight. The wight hits you with a scimitar.
You feel drained. The orc closely misses you.
You slash the orc!
You kill the orc!
You hit the wight but do no damage.
You hear a shout!
A kobold comes into view.
The wight hits you with a scimitar.
A wight comes into view.
It is wielding a great sword of freezing.
You hit the wight.
You headbutt the wight, but do no damage.
The wight is moderately damaged.
The wight misses you.
You closely miss the wight.
The wight is moderately damaged.
You barely miss the wight.
The wight hits you with an enchanted scimitar.
* * * LOW HITPOINT WARNING * * *
You barely miss the wight.
The wight is moderately damaged.
You hit the wight but do no damage. You closely miss the wight.
The wight is moderately damaged.
You slash the wight! The wight closely misses you. x2
You barely miss the wight.
The wight is moderately damaged.
You barely miss the wight. The wight barely misses you.
You hit the wight but do no damage.
The wight is moderately damaged.
You closely miss the kobold. You barely miss the wight.
The kobold barely misses you. The wight barely misses you.
The wight completely misses you. The kobold barely misses you.
You hit the kobold but do no damage. You headbutt the kobold.
The kobold is moderately wounded.
You hit the wight. You hit the wight but do no damage.
The wight hits you but does no damage. The wight barely misses you.
The kobold hits you but does no damage.
You closely miss the kobold.
The kobold is moderately wounded.
You completely miss the wight. You closely miss the wight.
The wight hits you with a scimitar.
* * * LOW HITPOINT WARNING * * *
The wight hits you but does no damage. The kobold hits you but does no damage.
You barely miss the wight.
The wight is severely damaged.
You barely miss the wight. You hit the kobold. The wight barely misses you.
The kobold closely misses you. The wight closely misses you.
You hit the wight.
You destroy the wight!
Your Axes skill increases to level 8!
You closely miss the wight. You closely miss the kobold.
The wight hits you with a scimitar.
* * * LOW HITPOINT WARNING * * *
You feel drained.
You die...

.....# gg.#. .....#
........ ....# .....#
......# ..#.# .....###
.....#.....# .......#
.>.. .....#
#.####.#######.###.....#
)....#..).[.....[......[
.###.#######...Kz)...#
.#.....# #.....@#.#.
.#.#...# #......#
...########.....†#
.###.............# [#
#.######......#
.###.....##.††)..#
.........####.####
#######....##.#
#..#.##.#


You could see a wight and a kobold.

Vanquished Creatures
  A wight (D:2)
  A howler monkey (D:2)
  An orc priest (D:2)
  Robin (D:2)
  3 adders (D:2)
  2 dart slugs (D:2)
  A leopard gecko (D:2)
  4 orcs (D:2)
  A ball python (D:2)
  A giant cockroach (D:1)
  15 goblins
  6 hobgoblins
  2 kobolds (D:1)
  2 bats (D:1)
  2 frilled lizards (D:1)
  8 rats
51 creatures vanquished.

Notes
Turn   | Place    | Note
-------+----------+-------------------------------------------
     0 | D:1      | Mgcat the Hill Orc Gladiator began the quest for the Orb.
     0 | D:1      | Reached XP level 1. HP: 18/18 MP: 1/1
   157 | D:1      | Reached XP level 2. HP: 19/25 MP: 2/2
   328 | D:1      | Reached skill level 5 in Axes
   920 | D:2      | Reached XP level 3. HP: 20/30 MP: 3/3
  1031 | D:2      | Noticed Robin
  1046 | D:2      | Gained mutation: You have a pair of small horns on your head. [potion of mutation]
  1046 | D:2      | Gained mutation: You are somewhat resistant to further mutation. [potion of mutation]
  1053 | D:2      | HP: 3/30 [goblin/dagger[Robin] (6)]
  1055 | D:2      | Killed Robin
  1055 | D:2      | Reached skill level 6 in Axes
  1071 | D:2      | HP: 1/30 [goblin/club[Robin] (6)]
  1417 | D:2      | Reached XP level 4. HP: 26/37 MP: 4/4
  1433 | D:2      | HP: 9/37 [howler monkey (2)]
  1434 | D:2      | HP: 3/37 [howler monkey (6)]
  1446 | D:2      | Reached skill level 7 in Axes
  1759 | D:2      | Reached XP level 5. HP: 40/42 MP: 5/5
  1773 | D:2      | Found a snail-covered altar of Cheibriados.
  1850 | D:2      | HP: 6/42 [wight/scimitar (6)]
  1852 | D:2      | Reached skill level 8 in Axes
  1852 | D:2      | HP: 1/42 [wight/scimitar (5)]
  1852 | D:2      | Slain by a wight

Vault maps used:
D:1:      matt_arrival_spirals, serial_forest, infiniplex_forest_join,
          infiniplex_forest_clump_medium, infiniplex_forest_clump_cross,
          infiniplex_forest_straight_4, infiniplex_forest_end_2,
          infiniplex_forest_straight_2, infiniplex_forest_straight_5
D:2:      nicolae_overflow_crystal_walls, first_ration, uniq_robin

Skill      XL: |  1  2  3  4  5 |
---------------+----------------+-----
Axes           | 5 6 7 8 |  8.3
Fighting       | |  2.4
Throwing       | |  1.7
Dodging        | |  2.4

Action                   |  1- 3 |  4- 6 || total
-------------------------+-------+-------++-------
Melee: War axe           |    90 |    51 ||   141
       Headbutt          |     5 |     8 ||    13
  Use: Potion            |     5 |       ||     5
  Eat: Chunk             |     2 |     1 ||     3
Armor: Leather armour    |    24 |     8 ||    32
Dodge: Dodged            |    58 |    37 ||    95

Table legend:
 A = Spawn XP
 B = Non-spawn XP
 C = Spawn XP percentage of total XP
 D = Spawn monster count
 E = Non-spawn monster count
 F = Spawn count percentage of total count
 G = Total turns spent on level
                    A         B        C        D         E        F      G
               +---------+---------+-------+---------+---------+-------+---------
         Total |       0 |     290 |   0.0 |       0 |      51 |   0.0 |  1852
               +---------+---------+-------+---------+---------+-------+---------
           D:1 |       0 |      29 |   0.0 |       0 |      20 |   0.0 |  1451
           D:2 |       0 |     261 |   0.0 |       0 |      31 |   0.0 |   401
               +---------+---------+-------+---------+---------+-------+---------

Vault maps used:
D:1:      matt_arrival_spirals, serial_forest, infiniplex_forest_join,
          infiniplex_forest_clump_medium, infiniplex_forest_clump_cross,
          infiniplex_forest_straight_4, infiniplex_forest_end_2,
          infiniplex_forest_straight_2, infiniplex_forest_straight_5
D:2:      nicolae_overflow_crystal_walls, first_ration, uniq_robin

Table legend:
 A = Turns spent in this place as a percentage of turns spent in the entire game.
 B = Non-inter-level travel turns spent in this place as a percentage of non-inter-level travel turns spent in the entire game.
 C = Inter-level travel turns spent in this place as a percentage of turns spent in this place.
 D = Turns resting spent in this place as a percentage of non-inter-level travel turns spent in this place.
 E = Turns spent auto-exploring this place as a percentage of non-inter-level travel turns spent in this place.
 F = Non-inter-level travel turns spent in this place divided by the number of levels of this place that you've seen.
                   A       B       C       D       E      F
               +-------+-------+-------+-------+-------+----------------------
         Total | 100.0 | 100.0 |   1.3 |   6.9 |  76.5 | 913.5
       Dungeon | 100.0 | 100.0 |   1.3 |   6.9 |  76.5 | 913.5
               +-------+-------+-------+-------+-------+----------------------

Table legend:
 A = Kills in this place as a percentage of kills in entire the game.
 B = Kills by you in this place as a percentage of kills by you in the entire game.
 C = Kills by friends in this place as a percentage of kills by friends in the entire game.
 D = Other kills in this place as a percentage of other kills in the entire game.
 E = Experience gained in this place as a percentage of experience gained in the entire game.
 F = Experience gained in this place divided by the number of levels of this place that you have seen.
                   A       B       C       D       E      F
               +-------+-------+-------+-------+-------+----------------------
         Total | 100.0 | 100.0 |   N/A |   N/A | 100.0 | 145.0
       Dungeon | 100.0 | 100.0 |   N/A |   N/A | 100.0 | 145.0
               +-------+-------+-------+-------+-------+----------------------
